cohdb
Replays
Latest Replays
All Replays
Popular Replays
Top Player Replays
Match Explorer
How It Works
Community
CoH3 Stats
Reddit
Sign in to upload your games and track your stats! →
Sign in with Steam
Match 41141852
Unlisted
Match 41141852
Overview
Messages
Build Orders
End
Panzergrenadier Squad
250 Light Carrier
Panzerpioneer Squad
Panzergrenadier Squad
Construct Light Support Kompanie
Combat Half-tracks
Panzergrenadier Squad
2.5-tonne Medical Truck
Fire Support Elements
MG34 Team
Pak 38 Mechanized Group
Construct Panzerarmee Kommand
Flakvierling Half-track
Construct Mechanized Kompanie
254 Reconnaissance Tractor
Forward Retreat Point
Construct Panzerarmee Kommand
Walking Stuka Rocket Launcher
Selects Panzerjäger Kommand Battlegroup
Selects Mine Fields
Selects Tank Busters
Selects Defensive Positions
Selects Crew Shock Tactics
Panzerjäger Mechanized Group
Selects Anti-tank Overwatch
Selects Butterfly Bomb Drop
Anti-tank Overwatch
Armored Reserves
Panzergrenadier Squad
KuruKuru
艾西西233
Valdai
QAQ
Take care of yourself
horizondawn
ma2sin
Wehearvoices
0
0
Comments
sign in to comment!
No comments posted yet!